[Event "Velammal-AICF Women GM 2019"]
[Site "Chennai"]
[Date "2019.02.02"]
[Round "9"]
[White "Chandreyee, Hajra"]
[Black "Osmak, Iulija"]
[Result "0-1"]
[ECO "C47"]
[WhiteElo "1925"]
[BlackElo "2394"]
[Annotator "NA RC"]
[PlyCount "116"]
[EventDate "2019.01.28"]
[EventType "swiss"]
[EventCountry "IND"]
[SourceTitle "playchess.com"]
[Source "ChessBase"]
[SourceQuality "1"]
[TimeControl "5400+30"]

1. e4 e5 2. Nf3 Nc6 3. Nc3 Nf6 4. d4 exd4 5. Nxd4 Bb4 6. Nxc6 bxc6 7. Bd3 d5 8. exd5 cxd5 9. O-O O-O 10. h3 c6 11. Qf3 Re8 12. a3 Bd6 13. Bf4 Be6 14. Bxd6 Qxd6 15. Rfe1 c5 16. b3 h6 17. Rad1 Qb6 18. a4 Qa5 19. Nb5 Rad8 20. Qg3 Bd7 21. c3 Bxb5 22. Bxb5 Rxe1+ 23. Rxe1 Ne4 24. Qh4 Nxc3 25. Bd3 Ne4 26. Rd1 Nf6 27. Qf4 Re8 28. Qd6 $19 Qb6 29. Qg3 Qb8 30. Qf3 Qb4 31. Kh2 Qb8+ 32. Kg1 Kf8 33. Bb5 Re6 34. Rc1 Qd6 35. Qg3 Qxg3 36. fxg3 a6 37. Bd3 Rc6 38. Kf2 a5 39. Kf3 Ke7 40. g4 Kd6 41. h4 Rb6 42. Bb5 Ne4 43. Ke3 Nc3 44. Rf1 f6 45. g5 fxg5 46. hxg5 hxg5 47. Rf8 Nxb5 48. Rd8+ Kc7 49. Rxd5 Kc6 50. Rxg5 Nd6 51. Ke2 Rb7 52. Rg3 Nf5 53. Rg6+ Kd5 54. g4 Nd4+ 55. Kd2 Nxb3+ 56. Kc3 Nd4 57. Rg5+ Kd6 58. Rg6+ Ne6 {[%emt 0:00:04] Kd4 Ke5+} 0-1

[Event "Velammal-AICF Women GM 2019"]
[Site "Chennai"]
[Date "2019.02.03"]
[Round "10"]
[White "Osmak, Iulija"]
[Black "Franco Valencia, Angela"]
[Result "0-1"]
[ECO "A80"]
[WhiteElo "2394"]
[BlackElo "2107"]
[Annotator "NA"]
[PlyCount "86"]
[EventDate "2019.01.28"]
[EventType "swiss"]
[EventCountry "IND"]
[SourceTitle "playchess.com"]
[Source "ChessBase"]
[SourceQuality "1"]
[TimeControl "5400+30"]

1. d4 f5 2. Bf4 Nf6 3. e3 g6 4. Nf3 Bg7 5. h4 e6 6. Nc3 d6 7. Bd3 Nc6 8. e4 Nh5 9. Bg5 Bf6 (9... Qd7 $14) 10. exf5 exf5 11. Qd2 O-O 12. O-O-O Nb4 13. Bc4+ d5 {[%emt 0:00:29] [#]} 14. Be2 $1 f4 $1 15. Bh6 (15. a3 $18 {has better winning chances.} Nc6 16. Ne5) 15... Bg7 16. Bg5 (16. Bxg7 $16 Nxg7 17. h5 gxh5 18. Ne5) 16... Bf6 17. Bxf4 Nxf4 18. Qxf4 c5 $1 19. Qd2 Bf5 20. Bd3 $2 (20. dxc5 $11 Bxc2 21. Nxd5 Bxd1 22. Nxf6+ Rxf6 23. Rxd1 Qxd2+ 24. Kxd2) 20... Bxd3 $2 (20... cxd4 $19 21. Ne2 Nxa2+ 22. Kb1 {[#]} Nc3+ $1 23. bxc3 Qb6+ 24. Ka2 Qa5+ 25. Kb3 dxc3 26. Nxc3 Qb6+ 27. Ka2 Bd7) 21. cxd3 cxd4 22. Ne2 $1 Nxa2+ 23. Kb1 Nc3+ $1 24. bxc3 dxc3 25. Qa2 $1 Qb6+ 26. Kc1 Qxf2 27. Nxc3 Qe3+ $1 28. Qd2 Qb6 ({Better is} 28... Qe7 $11 29. d4 Rac8) 29. d4 Rac8 30. Qb2 Qa5 31. Rd3 b5 32. Kb1 Rc4 33. Nxd5 Bg7 34. Ra3 Ra4 35. Rxa4 bxa4 36. Qa2 Rb8+ 37. Ka1 Rb3 38. Rc1 Qxd5 39. Rc8+ Bf8 40. Qxa4 Kg7 41. Qxa7+ Kh6 42. Rxf8 Qc4 43. Qc5 Qa4+ 0-1

[Event "Velammal-AICF Women GM 2019"]
[Site "Chennai"]
[Date "2019.02.03"]
[Round "10"]
[White "Nakhbayeva, Guliskhan"]
[Black "Varshini, V."]
[Result "1/2-1/2"]
[ECO "D35"]
[WhiteElo "2336"]
[BlackElo "2171"]
[Annotator "NA"]
[PlyCount "78"]
[EventDate "2019.01.28"]
[EventType "swiss"]
[EventCountry "IND"]
[SourceTitle "playchess.com"]
[Source "ChessBase"]
[SourceQuality "1"]
[TimeControl "5400+30"]

1. d4 d5 2. c4 e6 3. Nc3 Nf6 4. cxd5 exd5 5. Bg5 Be7 6. Qc2 c6 7. e3 Nbd7 8. Bd3 Nf8 9. Nf3 Ne6 10. Bh4 g6 11. h3 O-O 12. g4 c5 13. dxc5 Nxc5 14. O-O-O Be6 15. Nd4 Rc8 16. Bxf6 Bxf6 17. Kb1 Bd7 18. Qd2 ({But not} 18. Nxd5 Bxd4 19. exd4 Ba4 $17 {[%mdl 64] Skewer}) 18... Na4 19. Nxa4 Bxa4 20. Bc2 Bxc2+ 21. Nxc2 Qb6 22. Qb4 Qe6 23. Qb3 Rfd8 24. f3 Rc4 25. Rd2 Rd6 26. Nd4 Bxd4 27. Rxd4 Rxd4 28. exd4 Qe2 29. Qxb7 Qxf3 30. Rc1 Qe4+ 31. Ka1 Rb6 32. Qc8+ Kg7 33. Qc3 Re6 34. a4 (34. a3 $1 $15) 34... Qe2 (34... Qf4 $17 35. Kb1 Re3) 35. Ka2 Ra6 36. Ka3 Re6 37. Ka2 Ra6 38. Qb4 Rb6 39. Qc3 Ra6 $11 1/2-1/2

[Event "Velammal-AICF Women GM 2019"]
[Site "Chennai"]
[Date "2019.02.03"]
[Round "10"]
[White "Babiy, Olga"]
[Black "Sapale Saloni"]
[Result "1-0"]
[ECO "C18"]
[WhiteElo "2275"]
[BlackElo "2198"]
[Annotator "NA"]
[PlyCount "119"]
[EventDate "2019.01.28"]
[EventType "swiss"]
[EventCountry "IND"]
[SourceTitle "playchess.com"]
[Source "ChessBase"]
[SourceQuality "1"]
[TimeControl "5400+30"]

1. e4 e6 2. d4 d5 3. Nc3 Bb4 4. e5 c5 5. a3 Bxc3+ 6. bxc3 Ne7 7. Qg4 Qc7 8. Qxg7 Rg8 9. Qxh7 cxd4 10. Ne2 Nbc6 11. f4 dxc3 12. Qd3 d4 13. Nxd4 Nxd4 14. Qxd4 Bd7 15. Rg1 Nf5 16. Qf2 $1 Qc6 17. Bd3 Qd5 $1 18. a4 Bc6 19. Ra3 $1 Rd8 20. Rxc3 Qa5 21. Bd2 ({White should try} 21. Qc5 $16 Qxa4 22. Ra3) 21... Qxa4 22. Qc5 Rd5 $1 23. Qc4 Qxc4 $2 (23... Qa5 $15 {stays ahead.} 24. Rb3 Qd8) 24. Rxc4 Rd8 25. Kf2 Nh4 26. g3 Bd5 27. Rc3 Nf5 28. Ra3 a6 29. Bb4 Rh8 30. h4 Kd7 31. Rd1 Nxg3 32. Kxg3 Rdg8+ 33. Kf2 Rxh4 34. Ke3 Rg3+ 35. Kd2 Rxf4 36. Ba5 Bc4 (36... Bc6 $142 37. Kc1 Ke8) 37. Kc1 Bxd3 38. Raxd3+ Rxd3 39. Rxd3+ ({Resist} 39. cxd3 $6 Rf2 $16) 39... Kc6 40. Rd6+ Kb5 41. Bd8 Kc5 42. Bb6+ Kb5 43. c3 f6 44. exf6 ({Don't play} 44. Rxe6 $6 fxe5 45. Kd2 Kc4 $18) 44... Rxf6 45. Bd4 Rf7 46. Rxe6 Kc4 47. Rb6 Rh7 48. Kb2 Rf7 49. Ka3 Rh7 50. Ka4 Rf7 51. Rb4+ Kd5 52. Ka5 Rh7 53. Kb6 Rf7 54. Ra4 Rh7 55. Ra5+ Kd6 56. Be5+ (56. c4 $142 Rf7 57. Be5+ Ke6 58. Bc7) 56... Ke6 57. Bc7 Rh3 58. Rc5 Rh4 59. Kxb7 Ra4 60. Ba5 $18 {[%emt 0:00:37] Kd5} 1-0

[Event "Velammal-AICF Women GM 2019"]
[Site "Chennai"]
[Date "2019.02.03"]
[Round "10"]
[White "Chandreyee, Hajra"]
[Black "Michelle Catherina, P."]
[Result "*"]
[ECO "C77"]
[WhiteElo "1925"]
[BlackElo "2175"]
[Annotator "ChessBase"]
[PlyCount "91"]
[EventDate "2019.01.28"]
[EventType "swiss"]
[EventCountry "IND"]
[SourceTitle "playchess.com"]
[Source "ChessBase"]
[SourceQuality "1"]
[TimeControl "5400+30"]

1. e4 e5 2. Nf3 Nc6 3. Bb5 a6 4. Ba4 Nf6 5. d3 d6 6. O-O g6 7. Bxc6+ bxc6 8. d4 Bg7 9. dxe5 Nxe4 10. Re1 d5 11. Nd4 Bd7 12. f3 Ng5 13. h4 Ne6 14. Nxe6 Bxe6 15. Bg5 Qb8 16. b3 O-O 17. Bf6 Qb6+ 18. Kh2 Bxf6 19. exf6 Qf2 20. h5 Qh4+ 21. Kg1 Qxf6 22. c3 c5 23. hxg6 hxg6 24. Qd2 Kg7 25. Qf2 Qe7 26. Qg3 Rh8 27. Qe5+ Kg8 28. Na3 Rh5 29. Qf4 Kg7 30. g4 Rh3 31. Qe5+ Qf6 32. Qxf6+ Kxf6 33. Kf2 Rh2+ 34. Ke3 Re8 35. Kd3 Reh8 36. Re2 Rxe2 37. Kxe2 Rh2+ 38. Kd3 Ke5 39. c4 d4 40. Nc2 Rf2 41. Re1+ Kd6 42. b4 Bxc4+ 43. Kxc4 Rxc2+ 44. Kd3 Rc3+ 45. Ke4 cxb4 46. Kxd4 *

[Event "Velammal-AICF Women GM 2019"]
[Site "Chennai"]
[Date "2019.02.04"]
[Round "11.6"]
[White "Franco Valencia, Angela"]
[Black "Nakhbayeva, Guliskhan"]
[Result "1/2-1/2"]
[ECO "C05"]
[WhiteElo "2107"]
[BlackElo "2336"]
[Annotator "ChessBase"]
[PlyCount "140"]
[EventDate "2019.01.28"]
[EventType "swiss"]
[EventCountry "IND"]
[SourceTitle "playchess.com"]
[Source "ChessBase"]
[SourceQuality "1"]
[TimeControl "5400+30"]

1. e4 e6 2. d4 d5 3. Nd2 Nf6 4. e5 Nfd7 5. Bd3 c5 6. c3 Nc6 7. Ngf3 Be7 8. O-O g5 9. dxc5 g4 10. Nd4 Ndxe5 11. Bb5 Bd7 12. N2b3 a6 13. Bxc6 bxc6 14. f4 gxf3 15. Nxf3 Ng6 16. Bh6 Qc7 17. Qe2 f6 18. Nfd4 Qe5 19. Qd2 f5 20. Rae1 Qf6 21. Nf3 Rb8 22. Kh1 Kd8 23. Nbd4 Kc8 24. Bg5 Qf7 25. Bxe7 Qxe7 26. Nxe6 Bxe6 27. Nd4 Nf8 28. Qh6 Qxc5 29. Nxe6 Nxe6 30. Rxe6 Kb7 31. Rxf5 Rbf8 32. Qg7+ Kb6 33. Rff6 Rxf6 34. Qxf6 Rc8 35. h3 a5 36. Re7 Rc7 37. Rxc7 Kxc7 38. Qf7+ Kb6 39. Qxh7 Qf2 40. Qb1 c5 41. a4 d4 42. cxd4 cxd4 43. b4 axb4 44. Qxb4+ Kc6 45. Qb5+ Kd6 46. Qd3 Qe1+ 47. Kh2 Qc3 48. Qg6+ Kc5 49. Qf5+ Kb4 50. a5 d3 51. a6 Qc7+ 52. Kg1 d2 53. Qb1+ Kc3 54. Qa1+ Kd3 55. Qb1+ Kc3 56. Qa1+ Kd3 57. Qb1+ Kd4 58. Qb4+ Kd3 59. Qb1+ Kc3 60. Qa1+ Kd3 61. Qb1+ Qc2 62. Qf1+ Ke3 63. Qf2+ Kd3 64. Qf1+ Ke3 65. Qf2+ Ke4 66. Qh4+ Kd3 67. Qg3+ Kd4 68. Qf2+ Kc4 69. Qf1+ Qd3 70. Qd1 Qe3+ 1/2-1/2